 Dungeon Crawl Stone Soup version 0.22-b1-21-g5cfc168 (webtiles) character file.

75 poirepourri the Chopper (level 4, 0/40 HPs)
             Began as a Deep Dwarf Fighter on Aug 3, 2018.
             Killed from afar by an orc wizard (8 damage)
             ... with a magic dart
             ... on level 3 of the Dungeon.
             The game lasted 00:02:09 (1707 turns).

poirepourri the Chopper (Deep Dwarf Fighter)        Turns: 1707, Time: 00:02:09

Health: 0/40       AC:  6    Str: 20    XL:     4   Next: 11%
Magic:  4/4        EV:  7    Int:  8    God:
Gold:   101        SH:  0    Dex: 13    Spells: 3/3 levels left

rFire    . . .     SeeInvis .   a - +0 war axe
rCold    . . .     Gourm    .   c - +1 shield
rNeg     . . .     Faith    .   b - +0 scale mail
rPois    .         Spirit   .   (no helmet)
rElec    .         Reflect  .   (no cloak)
rCorr    .         Harm     .   (no gloves)
MR       .....                  (no boots)
Stlth    ..........             (no amulet)
HPRegen  0.00/turn              (no ring)
MPRegen  0.09/turn              (no ring)

@: confused, non-regenerating
A: damage resistance, heal wounds, sense surroundings 1, no regeneration
a: Heal Wounds


You were on level 3 of the Dungeon.
You were full.

You visited 1 branch of the dungeon, and saw 3 of its levels.

You collected 101 gold pieces.

Inventory:

Hand Weapons
 a - a +0 war axe (weapon)
Missiles
 o - 13 bolts
Armour
 b - a +0 scale mail (worn)
 c - a +1 shield (worn)
Jewellery
 n - a +5 ring of strength {unknown}
Scrolls
 g - a scroll of magic mapping {unknown}
 m - a scroll of teleportation
Potions
 d - a potion of might
 e - a potion of haste
 h - 2 potions of curing {unknown}
 i - a potion of agility {unknown}
Comestibles
 f - 2 rations


   Skills:
 - Level 2.6 Fighting
 + Level 4.9 Axes
 - Level 3.2 Armour
 - Level 3.2 Shields


You had 3 spell levels left.
You didn't know any spells.
Your spell library was empty.

Dungeon Overview and Level Annotations

Branches:
Dungeon (3/15)

Altars:

Annotations:
D:2 Crazy Yiuf


Innate Abilities, Weirdness & Mutations

You are resistant to damage.
You can heal yourself by infusing magical energy.
You passively map a small area around you.
You do not regenerate.


Message History

The puff of flame hits you! You block the orc wizard's attack.
You completely miss the orc wizard.
The orc wizard is almost dead.
The orc wizard barely misses you.
You barely miss the orc wizard.
The orc wizard is almost dead.
The orc wizard hits you but does no damage.
You closely miss the orc wizard.
The orc wizard is almost dead.
You block the orc wizard's attack. The orc wizard casts a spell at you.
The puff of flame hits you!
* * * LOW HITPOINT WARNING * * *
Your shield and scale mail prevent you from hitting the orc wizard.
The orc wizard is almost dead.
The orc wizard casts a spell at you.
You are confused.
The orc wizard points at you and mumbles some strange words.
The magic dart hits you!
You die...

#............(.....# .#
#.##....######..##.###.#
#(...<# #.........#
,,##....# ###..##.##..#
##.#.. ............#
#.#### ####.###)#.## #.#
#.# #[# # #+ #.###.#.# *
#.@.oS..# #####.###
**#.# * ,*#.# , , ,#.# ,
* *#.# .#.** * #, * *


You could see an orc wizard and an adder.

Vanquished Creatures
  Terence (D:2)
  An adder (D:2)
  A worm (D:2)
  A dart slug (D:1)
  3 orcs (D:3)
  2 giant cockroaches
  2 goblins (D:1)
  4 hobgoblins
  2 jackals (D:2)
  8 kobolds
  5 bats
  5 rats
35 creatures vanquished.

Notes
Turn   | Place    | Note
-------+----------+-------------------------------------------
     0 | D:1      | poirepourri the Deep Dwarf Fighter began the quest for the Orb.
     0 | D:1      | Reached XP level 1. HP: 20/20 MP: 1/1
   134 | D:1      | Reached skill level 3 in Axes
   153 | D:1      | Reached XP level 2. HP: 27/27 MP: 2/2
   685 | D:2      | Reached skill level 4 in Axes
   685 | D:2      | Reached XP level 3. HP: 15/33 MP: 3/3
   708 | D:2      | Noticed Terence
   717 | D:2      | Killed Terence
  1159 | D:2      | Found a runed door.
  1359 | D:2      | Noticed Crazy Yiuf
  1582 | D:3      | Reached XP level 4. HP: 37/40 MP: 4/4
  1707 | D:3      | Killed from afar by an orc wizard

Skill      XL: |  1  2 |
---------------+-------+-----
Axes           | 3 4 |  4.9
Fighting       | |  2.6
Armour         | |  3.2
Shields        | |  3.2

Action                   |  1- 3 |  4- 6 || total
-------------------------+-------+-------++-------
Melee: War axe           |   102 |    28 ||   130
 Abil: Heal Wounds       |     1 |       ||     1
  Use: Scroll            |     3 |     3 ||     6
       Potion            |     2 |       ||     2
  Eat: Ration            |     2 |       ||     2
Armor: Scale mail        |    47 |    16 ||    63
Dodge: Dodged            |    35 |    13 ||    48
Block: Shield            |    46 |    10 ||    56
